 Dungeon Crawl Stone Soup version 0.22-a0-565-gfc6459a (webtiles) character file.

2 Amnesiac the Sneak (level 1, 9/10 HPs)
             Began as a Spriggan Wanderer on June 28, 2018.
             Quit the game on level 1 of the Dungeon.
             The game lasted 00:00:53 (58 turns).

Amnesiac the Sneak (Spriggan Wanderer)                Turns: 58, Time: 00:00:54

Health: 9/10       AC:  2    Str:  6    XL:     1   Next: 33%
Magic:  5/5        EV: 15    Int: 15    God:
Gold:   0          SH:  0    Dex: 15    Spells: 5/5 levels left

rFire    . . .     SeeInvis +   c - +0 short sword
rCold    . . .     Gourm    .   (shield restricted)
rNeg     . . .     Faith    .   d - +0 robe
rPois    .         Spirit   .   (helmet restricted)
rElec    .         Reflect  .   (no cloak)
rCorr    .         Harm     .   (gloves unavailable)
MR       .....                  (boots unavailable)
Stlth    ++........             (no amulet)
HPRegen  0.03/turn              (no ring)
MPRegen  0.09/turn              (no ring)

@: very quick
A: very small, unfitting armour, see invisible, herbivore, speed 3, slow
metabolism 2
a: no special abilities


You were on level 1 of the Dungeon.
You were not hungry.

You visited 1 branch of the dungeon, and saw 1 of its levels.

Inventory:

Hand Weapons
 c - a +0 short sword (weapon)
 e - a +0 dagger
Armour
 d - a +0 robe (worn)
Potions
 a - a potion of curing {!q, unknown}
Comestibles
 f - a ration


   Skills:
 - Level 1.0 Fighting
 + Level 1.5 Short Blades
 - Level 1.0 Throwing
 - Level 3.0 Stealth
 - Level 2.6 Spellcasting
   Level 2.4 Hexes
   Level 1.0 Necromancy


You had 5 spell levels left.
You didn't know any spells.
Your spell library contained the following spells:

 Spells                   Type           Power        Failure   Level  Hunger
 Apportation              Tloc           #.....       21%         1    #......
 Confuse                  Hex            #.......     22%         3    ###....
 Tukima's Dance           Hex            #.......     22%         3    ###....
 Recall                   Summ/Tloc      N/A          52%         3    ###....
 Ensorcelled Hibernation  Hex/Ice        #.....       19%         2    ##.....
 Corona                   Hex            #......      8%          1    #......
 Dazzling Spray           Conj/Hex       #.....       36%         3    ###....


Dungeon Overview and Level Annotations

Branches:
Dungeon (1/15)

Altars:


Innate Abilities, Weirdness & Mutations

You are very small and have problems with some larger weapons.
You are too small for most types of armour.
You have supernaturally acute eyesight. (SInv)
You are a herbivore.
You cover ground extremely quickly.
You need to consume almost no food.


Message History

Welcome, Amnesiac the Spriggan Wanderer.
It is said that the Orb of Zot exists deep within this dungeon.
Press ? for a list of commands and other information.
Found a staircase leading out of the dungeon.
Okay, then.
Okay, then.
Okay, then.
You open the door.
There is an open door here.
You open the door.
There is an open door here.
a - a yellow potion {!q}
There is an open door here.
There is an open door here.
You open the door.
There is an open door here.
You open the door.
There is an open door here.
You open the door.
A bat comes into view.
A bat is nearby!
There is an open door here.
The helpless bat fails to defend itself.
You puncture the bat!
You kill the bat!
As you open the door, it creaks loudly!
There is an open door here.
As you open the door, it creaks loudly!
There is an open door here.
You open the door.
A bat comes into view.
There is an open door here.
A bat is nearby!
A rat comes into view.
The helpless bat fails to defend itself.
You puncture the bat!
You kill the bat!
A rat is nearby!
Found a stone staircase leading down.
You barely miss the rat. The rat closely misses you.
You hit the rat.
You kill the rat!
You see here a rat corpse.
A bat comes into view.
Found a scroll labeled JIMMAL XOLA.
A giant cockroach comes into view.
The bat hits you but does no damage.
You closely miss the bat. The bat completely misses you. The bat hits you.
You barely miss the bat. The bat hits you but does no damage.
The bat barely misses you.
You miss the bat. The bat barely misses you.
You barely miss the bat. The bat barely misses you. The bat closely misses you.
You barely miss the bat. The bat barely misses you.
The bat completely misses you. The bat completely misses you.
Are you sure you want to abandon this character and quit the game? (Confirm with "yes".)

#...#...#...#
##########'##.# ...
#...#...#.#####...P
+...'...#..........
#...#...#..........
#######'######........≈≈
..............b.......≈≈
......................≈≈
............†.@.......≈≈
.........†...#.....#..#
...............s.>....#
....................###
.....................?.
....................###
....................#
............#.#.....
...........##.


You could see a giant cockroach and a bat.

Vanquished Creatures
  2 bats (D:1)
  A rat (D:1)
3 creatures vanquished.

Notes
Turn   | Place    | Note
-------+----------+-------------------------------------------
     0 | D:1      | Amnesiac the Spriggan Wanderer began the quest for the Orb.
     0 | D:1      | Amnesiac set off with: a +0 short sword, a +0 robe, a +0 dagger, a ration
     0 | D:1      | Reached XP level 1. HP: 10/10 MP: 5/5
    58 | D:1      | Quit the game

Vault maps used:
D:1:      co_arrival_random_square_maze, serial_bayou, serial_bayou_shore_b,
          serial_bayou_shore_a, serial_bayou_lake_a, serial_bayou_crossing

Action                   || total
-------------------------++-------
Melee: Short sword       ||     9
 Stab: Sleeping          ||     2
Armor: Robe              ||     2
Dodge: Dodged            ||     9

Table legend:
 A = Spawn XP
 B = Non-spawn XP
 C = Spawn XP percentage of total XP
 D = Spawn monster count
 E = Non-spawn monster count
 F = Spawn count percentage of total count
 G = Total turns spent on level
                    A         B        C        D         E        F      G
               +---------+---------+-------+---------+---------+-------+---------
         Total |       0 |       4 |   0.0 |       0 |       3 |   0.0 |    58
               +---------+---------+-------+---------+---------+-------+---------
           D:1 |       0 |       4 |   0.0 |       0 |       3 |   0.0 |    58
               +---------+---------+-------+---------+---------+-------+---------
